 Dungeon Crawl Stone Soup version 0.23.2-40-g277498a001 (webtiles) character file.

Game seed: 6015547678598950017

107 Emblim88 the Caller (level 4, -5/24 HPs)
             Began as a Deep Elf Summoner on Sept 23, 2019.
             Slain by Sigmund
             ... wielding a +0 scythe
              (11 damage)
             ... on level 3 of the Dungeon.
             The game lasted 00:21:58 (2923 turns).

Emblim88 the Caller (Deep Elf Summoner)             Turns: 2923, Time: 00:21:58

Health: -5/24      AC:  4    Str:  5    XL:     4   Next: 57%
Magic:  4/11       EV: 13    Int: 21    God:
Gold:   150        SH:  0    Dex: 15    Spells: 1/10 levels left

rFire    . . .     SeeInvis .   r - +4 dagger
rCold    . . .     Gourm    .   (no shield)
rNeg     . . .     Faith    .   a - +0 robe
rPois    .         Spirit   .   (no helmet)
rElec    .         Reflect  .   l - +0 cloak
rCorr    .         Harm     .   b - +0 pair of gloves
MR       .....                  (no boots)
Stlth    +++.......             (no amulet)
HPRegen  0.08/turn              (no ring)
MPRegen  0.12/turn              (no ring)

@: no status effects
A: no striking features
a: no special abilities


You were on level 3 of the Dungeon.
You were not hungry.

You visited 1 branch of the dungeon, and saw 3 of its levels.

You collected 150 gold pieces.

Inventory:

Hand Weapons
 j - a +0 dagger
 o - a +3 whip
 p - a +0 hunting sling
 r - a +4 dagger (weapon)
Missiles
 k - 20 poisoned needles
 m - 6 javelins (quivered)
 t - 47 stones
Armour
 a - a +0 robe (worn)
 b - a +0 pair of gloves (worn)
 l - a +0 cloak (worn)
Wands
 u - a wand of random effects (24)
 x - a wand of polymorph (3)
Scrolls
 d - 4 scrolls of identify {unknown}
 e - 2 scrolls of amnesia {unknown}
 g - a scroll of blinking {unknown}
 n - a scroll of fog {unknown}
 s - a scroll of noise {unknown}
 w - a scroll of teleportation {unknown}
 y - a scroll of remove curse {unknown}
Potions
 f - 2 potions of flight {unknown}
 h - a potion of berserk rage {unknown}
 i - a potion of mutation {unknown}
 q - 2 potions of heal wounds {unknown}
 v - a potion of brilliance {unknown}
 z - a potion of magic {unknown}
 A - a potion of resistance {unknown}
 B - 2 potions of might {unknown}
Comestibles
 c - 5 rations


   Skills:
 + Level 3.2 Dodging
 * Level 4.1 Stealth
 + Level 3.8 Spellcasting
 * Level 5.2 Summonings


You had one spell level left.
You knew the following spells:

 Your Spells              Type           Power        Failure   Level  Hunger
a - Summon Small Mammal   Summ           ####         1%          1    None
b - Call Imp              Summ           ####....     2%          2    #......
c - Call Canine Familiar  Summ           ####....     4%          3    ###....
d - Summon Guardian Gole  Hex/Summ       ###.....     12%         3    ###....

Your spell library contained the following spells:

 Spells                   Type           Power        Failure   Level  Hunger
 Summon Ice Beast         Ice/Summ       ###.....     38%         4    ####...
 Summon Lightning Spire   Summ/Air       ###.....     38%         4    ####...


Dungeon Overview and Level Annotations

Branches:
Dungeon (3/15)

Altars:
Cheibriados
Makhleb
Vehumet
Wu Jian
Yredelemnul
Zin

Annotations:
D:2 1 runed translucent door
D:3 Sigmund


Message History

The magic dart hits your guardian golem.
Your hound misses something.
You swap places.
Something hits your crimson imp! Something closely misses your hound.
There is an open door here.
Something barely misses you.
You hear some strange, mumbled words.
A magic dart appears from out of thin air!
The magic dart hits you.
You swap places.
Something completely misses you.
You swap places.
You swap places.
There is an open door here.
Your crimson imp blinks!
Your crimson imp disappears in a puff of smoke!
Something hits you!
* * * LOW HITPOINT WARNING * * *
Your hound barely misses something.
Something hits you!
You die...

#.######### #..
#.......... #..
########### #..######.#
#.. ....#.# ####
###.##..... ....
.........# #### ####
###.#<..# #..# #...@.#.#
#..# #.#h#.#.#
#..######## #.#.#.#.#
#..).......
#8#.#.#.#.##.########
#.#5#.#.#.........55.
####'#...#.####.#######{
#..........##.#5### #.
#..........##.....# #.
#.........###5#.#.# #.


You could see a friendly hound and a friendly crimson imp.

Vanquished Creatures (collateral kills)
  A crimson imp (D:3)
  Ijyb (D:3)
  A worker ant (D:3)
  6 adders
  A worm (D:3)
  2 dart slugs
  A leopard gecko (D:2)
  10 bats
  7 goblins
  8 hobgoblins
  5 kobolds
  A quokka (D:3)
  2 ball pythons
  7 frilled lizards
  A goblin zombie (D:2)
  4 rats
58 creatures vanquished.

Notes
Turn   | Place    | Note
-------+----------+-------------------------------------------
     0 | D:1      | Emblim88 the Deep Elf Summoner began the quest for the Orb.
     0 | D:1      | Reached XP level 1. HP: 10/10 MP: 6/6
   256 | D:1      | Reached XP level 2. HP: 14/15 MP: 4/8
   730 | D:2      | Found a glowing silver altar of Zin.
   896 | D:2      | Found an ornate altar of the Wu Jian Council.
   940 | D:2      | Learned a level 2 spell: Call Imp
   983 | D:2      | Found a snail-covered altar of Cheibriados.
  1290 | D:2      | Reached XP level 3. HP: 19/19 MP: 5/9
  1302 | D:2      | Found a runed translucent door.
  1302 | D:2      | Noticed a human
  1319 | D:2      | Found a basalt altar of Yredelemnul.
  1522 | D:2      | Learned a level 3 spell: Call Canine Familiar
  1526 | D:2      | Learned a level 3 spell: Summon Guardian Golem
  1730 | D:3      | Reached skill level 5 in Summonings
  1972 | D:3      | Reached XP level 4. HP: 24/24 MP: 9/11
  2050 | D:3      | Noticed Ijyb
  2080 | D:3      | Killed Ijyb
  2129 | D:3      | Found a burning altar of Makhleb.
  2284 | D:3      | Found a radiant altar of Vehumet.
  2585 | D:3      | Noticed Sigmund
  2923 | D:3      | Slain by Sigmund

Skill      XL: |  1  2  3  4 |
---------------+-------------+-----
Stealth        | 3 4 |  4.1
Summonings     | 5 |  5.2
Dodging        | 3 |  3.2
Spellcasting   | |  3.8

Action                   |  1- 3 |  4- 6 || total
-------------------------+-------+-------++-------
Melee: Dagger            |     1 |       ||     1
 Cast: Summon Small Mamm |    44 |       ||    44
       Call Imp          |    18 |    19 ||    37
       Call Canine Famil |       |     1 ||     1
       Summon Guardian G |       |     1 ||     1
  Eat: Chunk             |     2 |       ||     2
       Ration            |     1 |     1 ||     2
Armor: Robe              |    17 |     2 ||    19
       Skin              |       |     1 ||     1
Dodge: Dodged            |    55 |    10 ||    65
